 Dungeon Crawl Stone Soup version 0.29.1-1-gd02db6906a (webtiles) character file.

Game seed: 3446595458276574474

23 LustLizard the Slasher (level 3, 0/27 HPs)
             Began as a Human Gladiator on Oct 12, 2022.
             Slain by an adder (1 damage)
             ... on level 2 of the Dungeon.
             The game lasted 00:02:32 (1180 turns).

LustLizard the Slasher (Human Gladiator)            Turns: 1180, Time: 00:02:33

Health: 0/27       AC:  6    Str: 14    XL:     3   Next: 12%
Magic:  3/3        EV: 11    Int:  8    God:
Gold:   71         SH:  0    Dex: 16    Spells: 2/2 levels left

rFire   . . .      SeeInvis +   a - +0 long sword
rCold   . . .      Faith    .   (no shield)
rNeg    . . .      Spirit   .   n - +0 ring mail
rPois   +          Reflect  .   c - +0 helmet
rElec   .          Harm     .   (no cloak)
rCorr   .          Rampage  .   (no gloves)
Will    .....                   (no boots)
Stlth   +.........              (no amulet)
HPRegen 0.09/turn               g - ring of see invisible
MPRegen 0.08/turn               p - ring of poison resistance

@: no status effects
A: no striking features
a: no special abilities


You were on level 2 of the Dungeon.
You visited 1 branch of the dungeon, and saw 2 of its levels.

You collected 71 gold pieces.

Inventory:

Hand Weapons
 a - a +0 long sword (weapon)
Missiles
 d - 2 throwing nets (quivered)
 i - 13 stones
Armour
 b - a +0 leather armour
 c - a +0 helmet (worn)
 n - a +0 ring mail (worn)
Jewellery
 g - a ring of see invisible (left hand)
 p - a ring of poison resistance (right hand)
Scrolls
 f - a scroll of poison {unknown}
 h - a scroll of identify {unknown}
 j - a scroll of teleportation {unknown}
 l - a scroll of blinking {unknown}
 m - a scroll of summoning {unknown}
 r - a scroll of magic mapping {unknown}
Potions
 k - a potion of invisibility {unknown}
 o - a potion of resistance {unknown}
 q - a potion of berserk rage {unknown}


   Skills:
 + Level 2.1 Fighting
 * Level 3.4 Long Blades
 * Level 2.4 Throwing
 + Level 0.6 Armour
 + Level 3.1 Dodging


You had 2 spell levels left.
You didn't know any spells.
Your spell library was empty.

Dungeon Overview and Level Annotations

Branches:
Dungeon (2/15)

Altars:

Annotations:
D:2 Jessica


Message History

Jessica casts a spell.
Jessica blinks!
The adder struggles against the net.
The adder struggles against the net. x2
You hit Jessica but do no damage.
The adder struggles against the net.
The net rips apart, and the adder comes free!
Jessica hits you with a +0 club.
You hit Jessica.
Jessica is severely wounded.
Jessica zaps a wand.
The roots erupt in riotous growth!
The grasping roots grab you!
Jessica is unaffected.
The goblin is unaffected.
The grasping roots constrict you.
You barely miss Jessica.
Jessica is severely wounded.
Jessica gestures wildly while chanting.
Jessica blinks!
The grasping roots constrict you. The goblin hits you but does no damage.
Unknown command.
You closely miss the adder. The adder misses you.
The goblin hits you with a +0 dagger. The grasping roots constrict you.
The adder bites you but does no damage.
The grasping roots release their grip on you.
You hit the adder.
The adder is lightly wounded.
The goblin closely misses you. The adder bites you but does no damage.
The goblin hits you with a +0 dagger. Jessica gestures at you while chanting.
Pain shoots through your body!
* * * LOW HITPOINT WARNING * * *
Okay, then.
You miss the adder.
The adder is lightly wounded.
The adder completely misses you. The adder bites you.
* * * LOW HITPOINT WARNING * * *
The goblin hits you but does no damage.
You barely miss Jessica.
Jessica is severely wounded.
The adder bites you.
You die...

##### ?...
##########.#
...........####
#####†..S@...#
#....@...#
#....g...# #
#........# .. §
#####.#### .# §§§
#(#####.## ≈≈≈≈
#.#......# §§≈§§
#.#......#
≈≈≈§§≈###.'......+
...§§.'...#......#


You could see an adder, Jessica and a goblin.

Vanquished Creatures
  A dart slug (D:1)
  2 endoplasms (D:1)
  2 giant cockroaches (D:1)
  A goblin (D:1)
  A hobgoblin (D:1)
  2 kobolds
  A quokka (D:2)
  6 bats (D:1)
  4 frilled lizards
20 creatures vanquished.

Notes
Turn   | Place    | Note
-------+----------+-------------------------------------------
     0 | D:1      | LustLizard the Human Gladiator began the quest for the Orb.
     0 | D:1      | Reached XP level 1. HP: 16/16 MP: 1/1
   308 | D:1      | Reached XP level 2. HP: 17/22 MP: 2/2
   405 | D:1      | You fall into a shaft and drop 1 floor!
   618 | D:1      | Found a faded altar of an unknown god.
   636 | D:1      | Reached XP level 3. HP: 27/27 MP: 3/3
  1166 | D:2      | Noticed Jessica
  1179 | D:2      | HP: 1/27 [adder (1)]
  1180 | D:2      | Slain by an adder

Illustrated notes

Levels and vault maps discovered:
D:1:      psy_arrival_whirlpool, layout_rooms, chequers_ecumenical_altar_island,
          minmay_door_square
D:2:      kennysheep_big_flooded_room, layout_basic, eino_tiny_chamber,
          uniq_terence, uniq_sigmund, uniq_jessica

Action                   || total
-------------------------++-------
Melee: Long sword        ||    75
Throw: Javelin           ||     1
       Stone             ||     1
       Throwing net      ||     1
Armor: Leather armour    ||    20
       Ring mail         ||    22
Dodge: Dodged            ||    67
